 Dungeon Crawl Stone Soup version 0.20.0-15-g7f486f2 (webtiles) character file.

61 Hasart the Sneak (level 3, 0/16 HPs)
             Began as a Spriggan Enchanter on June 9, 2017.
             Slain by a worm (1 damage)
             ... on level 2 of the Dungeon.
             The game lasted 00:05:56 (2756 turns).

Hasart the Sneak (Spriggan Enchanter)               Turns: 2756, Time: 00:05:57

Health: 0/16       AC:  3    Str:  4    XL:     3   Next: 83%
Magic:  1/8        EV: 16    Int: 17    God:
Gold:   130        SH:  5    Dex: 16    Spells: 5/8 levels left

rFire    . . .     SeeInvis +   a - +1 dagger
rCold    . . .     Gourm    .   f - +0 buckler (curse)
rNeg     . . .     Faith    .   b - +0 robe
rPois    .         Spirit   .   (helmet restricted)
rElec    .         Reflect  .   l - +0 cloak
rCorr    .         Harm     .   (gloves unavailable)
MR       .....                  (boots unavailable)
Stlth    ++........             (no amulet)
Regen    0.1/turn               (no ring)
MPRegen  0.2/turn               (no ring)

@: very slightly contaminated, heavily drained, very quick
A: unfitting armour, see invisible, herbivore 3, speed 3, slow metabolism 2
a: no special abilities


You were on level 2 of the Dungeon.
You were very hungry.

You visited 1 branch of the dungeon, and saw 2 of its levels.

You collected 130 gold pieces.

Inventory:

Hand Weapons
 a - a +1 dagger (weapon)
Armour
 b - a +0 robe (worn)
 f - a cursed +0 buckler (worn)
 l - a +0 cloak (worn)
Scrolls
 e - 2 scrolls of amnesia {unknown}
 i - a scroll of teleportation {unknown}
 j - 2 scrolls of enchant armour {unknown}
 m - 5 scrolls of identify {unknown}
 p - 3 scrolls of remove curse {unknown}
 s - a scroll of random uselessness {unknown}
Potions
 g - a potion of might {unknown}
 h - a potion of heal wounds {unknown}
 k - 3 potions of flight {unknown}
 n - a potion of resistance {unknown}
 o - 2 potions of magic {unknown}
 q - a potion of degeneration {unknown}
 r - a potion of mutation {unknown}
Books
 c - a book of Maledictions

   Spells                             Type                      Level
   a - Corona                         Hexes                        1
   b - Ensorcelled Hibernation        Hexes/Ice                    2
   c - Confuse                        Hexes                        3
   d - Tukima's Dance                 Hexes                        3
   e - Dazzling Spray                 Conjuration/Hexes            3
Comestibles
 d - a bread ration


   Skills:
 + Level 2.0(0.4) Short Blades
 + Level 3.5(1.8) Dodging
 + Level 5.1(3.3) Stealth
 + Level 3.1(1.4) Spellcasting
 * Level 4.5(2.8) Hexes


You had 5 spell levels left.
You knew the following spells:

 Your Spells              Type           Power        Failure   Level  Hunger
a - Ensorcelled Hibernat  Hex/Ice        #.....       28%         2    ###....
b - Corona                Hex            ##.....      11%         1    ##.....


Dungeon Overview and Level Annotations

Branches:
Dungeon (2/15)

Altars:
Sif Muna


Innate Abilities, Weirdness & Mutations

You are very small and have problems with some larger weapons.
You are too small for most types of armour.
You have supernaturally acute eyesight. (SInv)
You are a herbivore.
You cover ground extremely quickly.
You need consume almost no food.


Message History

Aiming: Ensorcelled Hibernation
Press: ? - help, Shift-Dir - straight line, f/p - worm
Aim: a worm (not susceptible)
The worm is unaffected.
The worm bites you.
You hit the worm but do no damage. The worm bites you!
* * * LOW HITPOINT WARNING * * *
You hit the worm.
The worm is lightly wounded.
The worm barely misses you.
You hit the worm.
The worm is lightly wounded.
You hit the worm.
The worm is moderately wounded.
The worm barely misses you.
You hit the worm.
The worm is heavily wounded.
You hit the worm but do no damage.
The worm is heavily wounded.
The worm bites you.
You die...

........[..#####.# ##..###
..............##.# ##...#
.................# #..#.#
.................# #..##w#
≈≈≈≈≈............# #..# #.#
≈###≈.....#<.....# #..# #.#
≈≈≈≈≈...%.##.....# ...# #.#
≈≈#≈≈.....##.....######## ##.#
≈≈#≈≈......#...w@.....### #..#
≈≈#≈≈......#....#.......# #.##
≈≈≈≈≈#####.####.#.....#.#####.#
≈###≈# #.# #.......#.......#
≈≈≈≈≈#####.# ###...>.###.#####
...........# #....####.######
...........#
####....#.........#
...........#
#.......#.........##
...........#
#.......#...........


You could see a worm.

Vanquished Creatures
  2 oozes
  A worm (D:2)
  2 dart slugs (D:1)
  A leopard gecko (D:1)
  A giant cockroach (D:2)
  6 goblins
  8 hobgoblins
  7 jackals (D:1)
  A kobold (D:2)
  A quokka (D:2)
  4 bats
  2 frilled lizards
  4 rats
40 creatures vanquished.

Notes
Turn   | Place    | Note
-------+----------+-------------------------------------------
     0 | D:1      | Hasart the Spriggan Enchanter began the quest for the Orb.
     0 | D:1      | Reached XP level 1. HP: 9/9 MP: 5/5
   577 | D:1      | Reached XP level 2. HP: 10/13 MP: 6/6
   584 | D:1      | Learned a level 2 spell: Ensorcelled Hibernation
  1208 | D:1      | Reached XP level 3. HP: 9/16 MP: 2/8
  1773 | D:2      | Reached skill level 5 in Stealth
  2059 | D:2      | Found a deep blue altar of Sif Muna.
  2756 | D:2      | Slain by a worm

Skill      XL: |  1  2  3 |
---------------+----------+-----
Hexes          | 4 |  4.5
Stealth        | 5 |  5.1
Spellcasting   | 3 |  3.1
Short Blades   | 2 |  2.0
Dodging        | |  3.5

Action                   || total
-------------------------++-------
Melee: Dagger            ||   159
 Cast: Ensorcelled Hiber ||    24
 Stab: Sleeping          ||    17
Armor: Robe              ||    11
Dodge: Dodged            ||    84
Block: Buckler           ||    34
